Cogmind - Beta 13 @@@ ROGUE MODE // 2024.03.31 @ 09:55:08 Player: SonVince Result: Destroyed by S-10 Pest with Light Assault Rifle Performance ------------- Evolutions (0) 0 Regions Visited (2) 400 Robots Destroyed (22) 110 Value Destroyed (535) 535 Prototype IDs (0) 0 Alien Tech Used (0) 0 Bonus (14) 14 TOTAL SCORE: 1059 Bonus ------- Follower Combat Kills 14 Cogmind --------- Core Integrity 0/250 Matter 300/300 Energy 100/100 System Corruption 0% Temperature Cool (0) Movement Flying (40) Location -10/Mines Parts ------- > --- POWER (1) -------- (None) > --- PROPULSION (2) --- Flight Unit > --- UTILITY (2) ------ Structural Scanner Signal Interpreter > --- WEAPON (2) ------- Datajack > --- INVENTORY (5) ---- Improved Heat Sink Weapon Shielding Grenade Launcher Peak State ------------ > --- POWER ------------ Light Ion Engine > --- PROPULSION ------- Light Treads Light Treads > --- UTILITY ---------- Small Storage Unit Hacking Suite > --- WEAPON ----------- Light Assault Rifle Light Assault Rifle > --- INVENTORY -------- Datajack [Rating: 9] Favorites ----------- Power Light Ion Engine Engine Light Ion Engine Propulsion Light Treads Treads Light Treads Flight Unit Flight Unit Utility Signal Interpreter Device Improved Heat Sink Storage Small Storage Unit Processor Signal Interpreter Hackware Hacking Suite Weapon Light Cannon Energy Gun Medium Laser Ballistic Gun Assault Rifle Ballistic Cannon Light Cannon Launcher Grenade Launcher Special Melee Weapon Datajack Build | -11 -10 -10 ------- Run | Yrd Mat Min Slots Evolved . | . . . Power . | . . . Propulsion . | . . . Utility . | . . . Weapon . | . . . Parts Attached 26 | 6 14 6 Power 2 | 1 . 1 Engine 2 | 1 . 1 Core . | . . . Reactor . | . . . Propulsion 4 | 2 . 2 Treads 2 | 2 . . Leg . | . . . Wheel . | . . . Hover . | . . . Flight 2 | . . 2 Utility 6 | 1 5 . Device 2 | . 2 . Storage 1 | 1 . . Processor 2 | . 2 . Hackware 1 | . 1 . Protection . | . . . Artifact . | . . . Weapon 14 | 2 9 3 Energy Gun 2 | . 1 1 Energy Cannon . | . . . Ballistic Gun 5 | 2 3 . Ballistic Cannon 2 | . 2 . Launcher 3 | . 2 1 Special Weapon . | . . . Impact Weapon . | . . . Slashing Weapon . | . . . Piercing Weapon . | . . . Special Melee Weapon 2 | . 1 1 Unidentified Prototypes . | . . . Parts Lost 7 | . 2 5 Power 2 | . 1 1 Propulsion 1 | . . 1 Utility 1 | . 1 . Weapon 3 | . . 3 Highest Loss Streak 5 | . 1 5 To Critical Strikes . | . . . Average Slot Usage (%) 90 | . 93 80 Engine 7 | . 8 3 Treads 25 | . 28 15 Flight 1 | . . 9 Device 9 | . 8 14 Storage 5 | . 6 . Processor 8 | . 7 14 Hackware 3 | . 4 . Energy Gun 2 | . 2 1 Ballistic Gun 12 | . 13 9 Ballistic Cannon 11 | . 11 9 Naked Turns . | . . . Heaviest Build 14 | 10 14 9 Greatest Support 40 | 40 40 40 Greatest Overweight (x) 1 | . . 1 Average Overweight (x) . | . . . Largest Inventory Capacity 8 | 8 8 5 Average Capacity 6 | 7 6 5 Most Carried 5 | 5 5 5 Average Carried 2 | . 2 3 Final Capacity 8 | 8 5 5 Final Carried 4 | . 4 3 Class Distribution -------------------- 97% | Mutant Dominant Class ---------------- Mutant | -10/Materials Mutant | -10/Mines Resources | -11 -10 -10 ----------- Run | Yrd Mat Min Matter Collected 718 | 260 250 208 Remotely . | . . . Salvage Created 408 | . 318 90 Parts 39 | . 32 7 Haulers Intercepted . | . . . Recyclers Shooed . | . . . Parts Field Recycled . | . . . Retrieved Matter . | . . . Parts Self-Destructed . | . . . Prevented . | . . . Kills | -11 -10 -10 ------- Run | Yrd Mat Min Combat Hostiles Destroyed 16 | . 11 5 Guns 4 | . 1 3 Cannons 8 | . 7 1 AOE 4 | . 3 1 Classes Destroyed 5 | . 5 . Builder 1 | . 1 . Operator 2 | . 2 . Watcher 3 | . 3 . Swarmer 5 | . 2 3 Grunt 11 | . 9 2 Best Kill Streak 4 | . 4 3 Combat Bots Only 4 | . 4 3 Max Kills in Single Turn 2 | . 2 1 Gunslinging . | . . . Exploded 2 | . 2 1 Melee . | . . . Uniques/NPCs Destroyed . | . . . Combat | -11 -10 -10 -------- Run | Yrd Mat Min Hostile Shots Fired 109 | . 62 47 Missed 28 | . 13 15 Damage Taken 970 | . 561 409 Core 250 | . 94 156 Absorbed by Shields . | . . . Regen/Repaired (Parts) 46 | . 46 . Core Remaining (%) 100 | 100 . . Volleys Fired 59 | 1 40 18 Largest 2 | 2 2 2 Hottest 85 | 40 85 65 Shots Fired 106 | 2 80 24 Gun 59 | 2 41 16 Cannon 43 | . 36 7 Launcher 4 | . 3 1 Special . | . . . Kinetic 91 | 2 76 13 Thermal 11 | . 1 10 Explosive 4 | . 3 1 Electromagnetic . | . . . Robot Hit Streak 11 | . 10 11 Robot Miss Streak 7 | . 7 3 Penetration Max . | . . . Secondary Targets . | . . . Shots Hit Robots 65 | . 45 20 Core Hits 39 | . 31 8 Critical Kills . | . . . Critical Parts Destroyed . | . . . Critical Strikes 1 | . 1 . Blast 1 | . 1 . Melee Attacks 7 | . . 7 Impact . | . . . Slashing . | . . . Piercing . | . . . Sneak Attacks 4 | . . 4 Combat Hostiles . | . . . Follow-up Attacks . | . . . Damage Inflicted 1170 | . 956 214 Guns 323 | . 202 121 Cannons 499 | . 430 69 Explosions 335 | . 311 24 Melee . | . . . Ramming 13 | . 13 . Kinetic 712 | . 620 92 Thermal 110 | . 12 98 Explosive 335 | . 311 24 Electromagnetic . | . . . Impact . | . . . Slashing . | . . . Piercing . | . . . Highest Corruption . | . . . Average Corruption . | . . . Corruption Purged . | . . . Corruption Blocked . | . . . Overload Shots . | . . . Overflow Damage 1 | . . 1 Projectiles . | . . . Explosions 1 | . . 1 Melee . | . . . Knockbacks 8 | . 7 1 Impact . | . . . Kinetic 8 | . 7 1 Secondary . | . . . Self-Inflicted Damage 35 | . . 35 Shots 1 | . . 1 Rammed 6 | . 6 . Targets Rammed 6 | . 6 . Kicked . | . . . Crushed . | . . . Highest Temperature 92 | . 40 92 Average Temperature 26 | . 18 39 Received Heat Transfer 420 | . 267 153 Siege Activations . | . . . Robots Corrupted . | . . . Combat Hostiles . | . . . Parts Fried . | . . . Impact Corruptions . | . . . Robots Melted . | . . . Combat Hostiles . | . . . Parts Melted . | . . . Heat Transferred 262 | . 37 225 Parts Sabotaged . | . . . Parts Stolen . | . . . Parts Stripped . | . . . Power Chain Reactions . | . . . Alert | -11 -10 -10 ------- Run | Yrd Mat Min Peak Influence 175 | . 175 122 Initial . | . . . Average 63 | . 73 41 Maximum Alert Level . | . . . Low Security (%) 100 | 100 100 100 Level 1 . | . . . Level 2 . | . . . Level 3 . | . . . Level 4 . | . . . Level 5 . | . . . High Security . | . . . Max Security . | . . . Squads Dispatched 2 | . 2 . Investigation 1 | . 1 . Extermination . | . . . Reinforcement 1 | . 1 . Assault . | . . . Garrison . | . . . Intercept . | . . . Searches Triggered . | . . . Construction Impeded . | . . . Haulers Reinforced . | . . . Active Scanning Responses . | . . . Cargo Convoy Interrupts . | . . . Stealth | -11 -10 -10 --------- Run | Yrd Mat Min Distress Signals 2 | . 2 . Communications Jammed . | . . . Distress Signals . | . . . Times Spotted 27 | . 20 7 Peak Tracking Total 6 | . 6 3 Tactical Retreats 1 | . 1 . Traps | -11 -10 -10 ------- Run | Yrd Mat Min Traps Triggered 1 | . 1 . Indirectly . | . . . Trap Hack Attempts . | . . . Triggered . | . . . Disarmed . | . . . Reprogrammed . | . . . Reused . | . . . Traps Extracted . | . . . Installed . | . . . Triggered . | . . . Machines | -11 -10 -10 ---------- Run | Yrd Mat Min Machines Disabled . | . . . Max in Single Turn . | . . . Machines Repaired . | . . . Machines Dismantled . | . . . Machines Sabotaged . | . . . Overloaded Fab Kills . | . . . Hacking | -11 -10 -10 --------- Run | Yrd Mat Min Machines Accessed 6 | . 5 1 Terminals 4 | . 3 1 Fabricators . | . . . Repair Stations 1 | . 1 . Recycling Units 1 | . 1 . Scanalyzers . | . . . Garrison Access . | . . . Total Hacks 9 | . 7 2 Successful 7 | . 5 2 Failed 2 | . 2 . Catastrophic . | . . . Database Lockouts . | . . . Manual . | . . . Terminals 6 | . 4 2 Fabricators . | . . . Repair Stations 2 | . 2 . Recycling Units 1 | . 1 . Scanalyzers . | . . . Garrison Access . | . . . Terminal Hacks 4 | . 2 2 Record 1 | . . 1 Dispatch Records 2 | . 1 1 Zone Layout 1 | . 1 . Fabricator Hacks . | . . . Repair Station Hacks 2 | . 2 . Scan Component 1 | . 1 . Repair 1 | . 1 . Recycling Unit Hacks 1 | . 1 . Report Inventory 1 | . 1 . Scanalyzer . | . . . Garrison Access Hacks . | . . . Unauthorized Hacks . | . . . Terminals . | . . . Fabricators . | . . . Repair Stations . | . . . Recycling Units . | . . . Scanalyzers . | . . . Garrison Access . | . . . Data Cores Recovered . | . . . Used . | . . . Hacking Detections 2 | . 1 1 Full Trace Events . | . . . Feedback Events . | . . . Feedback Blocked . | . . . Robot Schematics Acquired . | . . . Robots Built . | . . . Authchips . | . . . Time . | . . . Total Robot Build Rating . | . . . Part Schematics Acquired . | . . . Parts Built . | . . . Authchips . | . . . Time . | . . . Total Part Build Rating . | . . . Parts Repaired 1 | . 1 . Time 26 | . 26 . Parts Recycled . | . . . Recycled Matter . | . . . Retrieved Matter . | . . . Retrieved Components . | . . . Parts Scanalyzed . | . . . Part Schematics Acquired . | . . . Parts Damaged . | . . . Bothacking | -11 -10 -10 ------------ Run | Yrd Mat Min Used RIF Installer . | . . . Robots Hacked 1 | . . 1 Non-combat . | . . . Combat 1 | . . 1 Robot Hacks Applied 1 | . . 1 parse_system 1 | . . 1 Relay Couplers Released . | . . . Fabnet Peak Effective % . | . . . Robots Rewired . | . . . Allies Hacked . | . . . Hacks Repelled . | . . . Allies | -11 -10 -10 -------- Run | Yrd Mat Min Total Allies 1 | . . 1 Largest Group 1 | . . 1 Highest-Rated Group 31 | . . 31 Highest-Rated Ally 31 | . . 31 Total Orders . | . . . Ally Attacks 3 | . . 3 Total Damage 42 | . . 42 Kills 2 | . . 2 Allies Corrupted . | . . . Allies Melted . | . . . Intel | -11 -10 -10 ------- Run | Yrd Mat Min Robot Analysis Total . | . . . Derelict Logs Recovered 1 | . . 1 Drone Launches . | . . . Drone Recoveries . | . . . Exploration | -11 -10 -10 ------------- Run | Yrd Mat Min Turns Passed 2156 | 114 1639 403 Spaces Moved 1284 | 62 885 337 Core 8 | 8 . . Treads 1054 | 54 885 115 Legs . | . . . Wheels . | . . . Hover . | . . . Flight 222 | . . 222 Fastest Speed 37 | 50 160 37 Average Speed 140 | 145 160 89 Slowest Speed 160 | 160 160 160 Overloaded Moves . | . . . Propulsion Burnouts . | . . . Robots Hopped . | . . . Cave-ins Triggered . | . . . Exploration Rate (%) 51 | 4 97 52 Regions Visited 2 Branch Regions 1 Pre-discovered Areas 2 | . . 2 Known Exits Taken 1 | . 1 . Unknown Exits Taken 1 | 1 . . Scrap Searched . | . . . Spaces Dug . | . . . Terrain Destroyed 28 | . 19 9 Melee . | . . . Projectile . | . . . AOE 28 | . 19 9 Terrain Rammed . | . . . Walls Destroyed . | . . . Machines Disabled . | . . . Actions | -11 -10 -10 --------- Run | Yrd Mat Min Total 1522 | 84 1026 412 Wait 111 | 10 64 37 Move 1282 | 61 884 337 Hop . | . . . Pick Up 23 | 6 13 4 Fast Attach . | . . . Attach 13 | 6 3 4 Detach 1 | . . 1 Swap 13 | . 11 2 Drop 7 | . 5 2 Fire 59 | 1 40 18 Melee 7 | . . 7 Ram . | . . . Kick . | . . . Crush 6 | . 6 . Escape Stasis . | . . . Rewire . | . . . Trap . | . . . Miscellaneous . | . . . Route ------- -11/Scrapyard -10/Materials (discovered 5 exits: *Mat x3 / *Min x2) -10/Mines (discovered 3 exits: *Mat / *Exi / *Sub) History --------- Turn | Location | Event 29 | -11/Scrapyard | Discovered new exit (range 16) 115 | -11/Scrapyard | Entered Materials 210 | -10/Materials | Discovered new exit (range 11) 302 | -10/Materials | Build established: Mutant 328 | -10/Materials | Discovered new exit (range 16) 989 | -10/Materials | Discovered new exit (range 5) 1021 | -10/Materials | Identified exit to Materials 1258 | -10/Materials | Discovered exit to Materials (range 8) 1394 | -10/Materials | Repaired Grenade Launcher 1599 | -10/Materials | Discovered new exit (range 9) 1612 | -10/Materials | Identified exit to Mines 1754 | -10/Materials | Entered Mines 1848 | -10/Mines | Deemed a non-threat by the Exiles lab entrance 1848 | -10/Mines | Discovered new exit (range 5) 1853 | -10/Mines | Identified exit to Exiles 1886 | -10/Mines | Discovered new exit (range 8) 1899 | -10/Mines | Identified exit to Subcaves 1943 | -10/Mines | Learned location of Storage (-9) 2045 | -10/Mines | Core integrity fell below 50% 2071 | -10/Mines | Core integrity fell below 20% 2077 | -10/Mines | Discovered exit to Materials (range 8) 2078 | -10/Mines | Learned Materials interactive machine intel 2093 | -10/Mines | Lost 5 parts (1p1n3w) 2122 | -10/Mines | Escorted by a lone wolf Derelict 2157 | -10/Mines | Destroyed by S-10 Pest with Light Assault Rifle Last Messages --------------- The unstable cave ceiling collapses. U-05 Engineer lays Concrete. Sneak attack on U-05 Engineer. Jacked U-05 Engineer... K-01 Serf collects debris. U-05 Engineer builds a Wall. Sneak attack on U-05 Engineer. Jacked U-05 Engineer... U-05 Engineer builds a Wall. EXIT=FOUND: MATERIALS A derelict emerges from the shadows: "Quick, help me dispose of these Unaware!" Acquired derelict log, extracted data. Data stored: Materials interactive machine intel. FL-EPC(g): "Well, at least you make a good diversion. I'll return the favor and help see you out of these parts." Move into an ally to swap places with them. K-01 Serf collects debris. FL-EPC(g): "While you're wandering around here, I suggest you avoid Complex 0b10 Storage. Security there is tighter since Warlord's second failed attempt to raid it." World map confirmed: -9/Storage. Map ----- +----------------------------------------------------+ | ???????????????????????????????????????? | | ???????????????????????????????????????? | | ???????????????????????????????????????? | | ???????????????????????????????????????? | | ???????????????????????????????????????? | | ???????????????????????????????????????? | | ???????????????????????????????????????? | | ???????????????????????????????????????? | | ???????????????????????????????????????? | | ???????????????????????????????????????? | | ???????????????????????????????????????? | | ???????????????????????????????????????? | | ??????????????????? ????????????????? | | ??????????????????? ?????????????????? | | ?????????????????? ?????????????????? | | ?????????????###? ??????????????????? | | ???????????#### #?????????????????? | | ???????????### ##?????????????????? | | ???????????## ##?????????????????? | | ???????????## """ #?????????????????? | | ???????????# """ ??????????????????? | | ????????????? """ ##????????????????? | | ?????????????? ##????????? ##????? | | ????????????? s## ##????????? ##????? | | ?????????????## ## ##????##### ##????? | | ?????????????##@ ## ##????##### ##????? | | ?????????????## ## ###???## ##????? | | ?????????????## ## ######## ##??????? | | ?????????????## ## ####### ####????? | | ?????????????## ### ### # ######### | | ?????????????## ####### | | ?????????????## | | ?????????????###### | | ?????????????##### #### | | ??????????????### ## #### | | ??????????????## ##### ##?? | | ??????????????## ###### ###?? | | ?????????????### #########?? | | ????????????#### ### ##?#####??? | | ???############ ##### ###????????? | | ??############ ############????????? | | ??### ## ##########?????????? | | ?### # ##?????????????????? | | ?### # ### ##?????????????????? | | ?## # ### ##?????????????????? | | ?## < ## #### ###????????????????? | | ?### ### ##### ####???????????????? | | ?#### ### ###### ###?????????????## | | ??### ### ##?### ##?????????###### | | ???## ### ##??## ##????????###### | +----------------------------------------------------+ Best States ------------- Heat Dissipation 39 Energy Generation 10 Energy Capacity 125 Matter Stores 300 Matter Capacity 300 Sight Range 16 Terrain Scan Density 10 Evasion (%) 62 Targeting Accuracy 5 Recoil Reduction 2 Offensive Hacking 10 Item Schematics ----------------- None Robot Schematics ------------------ None Fabricated ------------ Nothing Alien Tech Used ----------------- None Achievements -------------- Crack Shot Part-time Mechanic Challenges ------------ None Game ------ Seed AuthchipAlphaAirjet Manual? 0 Play Time 00:30:28 Cumulative 0.9 hours Start 2024.03.31 @ 09:12:44 End 2024.03.31 @ 09:55:08 Sessions 7 Manual Loads 0 Difficulty Rogue Special Mode None Game No. 2 Rogue 2 Adventurer 0 Explorer 0 Win Type - Total 0 Types 0/0/0/0/0/0/0/0/0 Lore% 0 Gallery% 3 Achievement% 3 Wizard Run 0 Options --------- Layout 0 ASCII 0 Keyboard 0 Movement Mouse Keybinds 0 Fullscreen 1 Font 24/Smallcaps Map View 113x50 Zoom Use 14% Tactical HUD 0 Map Filters NONE Filters NONE Steam 1 RUN: a15c3941-c36e-4c1a-bd96-5f5d72ffc335